Map: Nightscape LE

Players

PiPuxD

  • Race: Terran Terran
  • League: Gold
  • Spawn Location: 7:00

MattBarry

  • Race: Zerg Zerg
  • League: Gold
  • Spawn Location: 7:00

sergyo - Winner!

  • Race: Protoss Protoss
  • Spawn Location: 1:00

CheGevara - Winner!

  • Race: Zerg Zerg
  • Spawn Location: 1:00

VOD

Have the link to the VOD?

Description

Time

  • Played on: Feb. 11, 2023, 3:14 a.m.
  • Length: 11:39
Show
View Real Time Build Order
Export as new Build Order

PiPuxD Terran 

Build Orders:  

Get SALT Encoding   

  12  0:00  SCV  
  13  0:12  SCV  
  14  0:18  Supply Depot  
  14  0:24  SCV  
  15  0:40  SCV  
  16  0:44  Barracks  
  16  0:47  Refinery  
  16  0:52  SCV  
  17  1:04  SCV  
  18  1:16  SCV  
  19  1:33  Reaper  
  20  1:46  SCV  
  22  2:12  Orbital Command, Command Center  
  22  2:13  Barracks Reactor  
  21  2:17  Refinery  
  21  2:37  Barracks x2  
  21  2:40  Factory  
  21  2:43  Supply Depot  
  21  2:44  SCV  
  22  2:56  Marine  
  23  3:05  Marine, SCV  
  25  3:14  Marine  
  22  3:35  Orbital Command  
  22  3:36  Marine x2  
  22  3:37  Hellion  
  22  3:38  Marine  
  25  3:57  Marine x2  
  27  4:09  Marine x2  
  29  4:13  Factory Tech Lab  
  29  4:25  Marine x2  
  29  4:26  Marine  
  29  4:27  Marine  
  29  4:30  SCV  
  34  4:38  Siege Tank  
  37  4:43  Marine x2  
  39  4:47  Marine x2  
  38  5:07  Marine x4  
  38  5:10  Siege Tank  
  42  5:33  Starport  
  42  5:34  Engineering Bay  
  42  5:35  Barracks Reactor, Engineering Bay  
  42  5:36  Barracks Reactor  
  42  5:42  Barracks  
  42  5:43  Orbital Command  
  42  5:47  SCV  
  43  5:59  SCV  
  44  6:05  Supply Depot x2  
  44  6:11  SCV x2  
  46  6:19  Marine  
  46  6:22  Starport Reactor  
  46  6:23  SCV x2  
  49  6:36  SCV  
  49  6:37  SCV  
  51  6:40  Barracks Tech Lab  
  51  6:41  Marine x5  
  51  6:43  Marine  
  57  6:49  SCV x2  
  57  6:53  Terran Infantry Armor Level 1, Terran Infantry Weapons Level 1  
  59  6:56  Armory  
  59  7:00  Medivac  
  59  7:01  Medivac  
  63  7:04  SCV x2  
  65  7:09  Refinery  
  65  7:11  Refinery  
  65  7:16  SCV x2  
  67  7:25  Marine  
  67  7:26  Marine x2  
  67  7:28  Stimpack  
  70  7:35  Supply Depot  
  70  7:36  Supply Depot  
  70  7:37  Supply Depot  
  70  7:56  Marine x5, Siege Tank  
  70  7:57  Marine x2, SCV x2, Medivac x2  
  86  8:09  SCV x2  
  88  8:14  Supply Depot  
  88  8:15  Terran Ship Weapons Level 1  
  88  8:17  Supply Depot  
  88  8:18  Marine  
  88  8:19  Marine x4  
  93  8:23  SCV x2  
  95  8:27  Medivac x2  
  99  8:35  SCV x2  
  101  8:44  Marine x5  
  101  8:45  Marine  
  101  8:47  SCV  
  101  8:48  SCV  
  109  8:57  Command Center  
  109  9:11  Combat Shield  
  106  9:22  SCV x2  
  107  9:25  Marine x6  
  107  9:26  Marauder  
  107  9:29  Medivac  
  117  9:34  SCV  
  118  9:50  SCV x2  
  118  9:56  Marine  
  118  9:57  Marine x2  
  118  9:58  Marine x2  
  118  10:03  SCV x2, Marauder  
  118  10:04  Marine  
  113  10:13  Marine  
  114  10:15  Marine  
  115  10:30  Concussive Shells  
  115  10:31  Orbital Command  
  115  10:33  SCV x2  
  117  10:44  Missile Turret  
  117  10:45  SCV x2  
  117  10:46  Marine x4  
  117  10:47  Missile Turret, Marine x2  
  117  10:49  Missile Turret, Marauder  
  130  10:50  Siege Tank  
  130  11:02  Refinery  
  130  11:17  Marine x2  
Show
View Real Time Build Order
Export as new Build Order

MattBarry Zerg 

Build Orders: Pool First 

Get SALT Encoding   

  12  0:00  Drone  
  13  0:12  Overlord  
  13  0:17  Drone  
  14  0:31  Drone x2  
  16  0:43  Spawning Pool  
  16  0:44  Extractor  
  16  0:46  Drone  
  15  0:57  Drone x2  
  17  1:19  Hatchery  
  16  1:30  Zergling x6  
  19  1:44  Queen  
  21  1:50  Metabolic Boost  
  21  2:04  Drone  
  21  2:06  Overlord  
  21  2:35  Zergling x8  
  23  2:48  Zergling x4  
  24  3:01  Drone x2  
  24  3:08  Drone x2  
  23  3:16  Zergling x2  
  24  3:21  Zergling x2  
  25  3:31  Zergling x2  
  26  3:40  Spine Crawler  
  26  3:41  Hatchery  
  23  3:44  Spine Crawler  
  20  4:03  Roach Warren  
  19  4:17  Zergling x8  
  21  4:30  Drone x3  
  21  4:31  Queen  
  22  5:08  Drone x5  
  27  5:19  Queen  
  29  5:24  Drone x2  
  31  5:39  Hatchery, Extractor  
  31  5:40  Lair  
  31  5:43  Roach x2  
  33  6:00  Hatchery, Overlord  
  33  6:01  Overlord  
  32  6:33  Drone  
  32  6:34  Drone x5  
  32  6:36  Roach x3  
  32  6:37  Roach  
  46  6:51  Queen  
  48  7:00  Overlord  
  48  7:05  Drone  
  48  7:06  Drone x3  
  52  7:09  Overlord  
  52  7:27  Pneumatized Carapace  
  52  7:29  Queen  
  54  7:32  Drone x2  
  56  7:39  Glial Reconstitution  
  55  8:02  Spine Crawler  
  54  8:09  Overlord  
  54  8:10  Roach x11  
  76  8:17  Evolution Chamber  
  75  8:20  Evolution Chamber  
  74  8:29  Drone x2  
  74  8:30  Drone x5  
  81  8:51  Drone x6  
  86  9:00  Spore Crawler  
  86  9:01  Spore Crawler  
  86  9:02  Spore Crawler  
  73  9:05  Spore Crawler  
  73  9:06  Spore Crawler  
  73  9:09  Spore Crawler  
  50  9:18  Drone x2  
  50  9:19  Drone x2  
  53  9:28  Spore Crawler  
  52  9:35  Drone  
  52  9:36  Drone x2  
  55  9:57  Drone x2  
  55  9:58  Drone, Overlord  
  55  9:59  Drone x2  
  30  10:25  Drone x4  
  30  10:26  Drone x5  
  35  10:30  Extractor  
  35  10:32  Extractor  
  35  10:46  Hatchery  
  34  10:57  Drone x6  
  40  11:09  Drone x3  
Show
View Real Time Build Order
Export as new Build Order

sergyo Protoss - Winner!

Build Orders: Cannon Rush, Carriers 

Get SALT Encoding   

  12  0:00  Probe  
  13  0:12  Probe  
  14  0:19  Pylon  
  14  0:24  Probe  
  15  0:37  Probe (Chrono Boost)  
  15  0:40  Forge  
  16  0:49  Probe (Chrono Boost)  
  17  0:55  Probe (Chrono Boost)  
  18  1:03  Probe  
  19  1:15  Probe  
  20  1:19  Pylon  
  20  1:24  Photon Cannon  
  20  1:27  Probe  
  20  1:28  Pylon  
  20  1:32  Pylon  
  21  1:41  Photon Cannon  
  21  1:46  Pylon  
  20  1:56  Photon Cannon  
  20  2:05  Photon Cannon  
  20  2:10  Pylon  
  20  2:14  Gateway  
  19  2:41  Photon Cannon  
  19  2:44  Gateway  
  19  2:48  Assimilator  
  19  2:51  Probe (Chrono Boost)  
  20  2:52  Assimilator  
  20  3:01  Probe (Chrono Boost)  
  21  3:05  Probe (Chrono Boost)  
  22  3:17  Probe  
  22  3:19  Pylon  
  23  3:22  Photon Cannon  
  23  3:29  Probe  
  24  3:34  Pylon  
  24  3:42  Nexus  
  24  3:52  Probe  
  25  4:04  Probe (Chrono Boost)  
  25  4:09  Cybernetics Core  
  26  4:11  Pylon  
  26  4:16  Probe (Chrono Boost)  
  26  4:20  Probe (Chrono Boost)  
  26  4:22  Pylon  
  27  4:26  Assimilator  
  27  4:31  Assimilator, Probe  
  28  4:43  Probe  
  29  4:46  Warp Gate  
  29  4:52  Stargate  
  29  4:55  Probe  
  29  4:58  Shield Battery  
  30  5:02  Stargate  
  30  5:06  Pylon  
  30  5:07  Probe  
  31  5:15  Probe  
  32  5:23  Photon Cannon  
  32  5:27  Shield Battery, Probe (Chrono Boost)  
  33  5:38  Probe (Chrono Boost)  
  33  5:41  Oracle (Chrono Boost)  
  37  5:43  Probe (Chrono Boost)  
  37  5:46  Oracle (Chrono Boost)  
  41  5:52  Shield Battery  
  41  5:53  Probe  
  42  6:05  Pylon, Probe  
  42  6:10  Pylon  
  43  6:14  Oracle  
  43  6:18  Oracle  
  49  6:27  Photon Cannon  
  49  6:32  Shield Battery  
  49  6:37  Photon Cannon  
  49  6:43  Pylon  
  49  6:44  Probe x2  
  51  6:56  Probe, Oracle  
  56  7:08  Photon Cannon  
  55  7:11  Oracle  
  58  7:23  Fleet Beacon  
  58  7:30  Pylon  
  58  7:34  Pylon  
  58  7:42  Photon Cannon  
  58  7:44  Pylon  
  58  7:57  Protoss Air Weapons Level 1, Stargate  
  58  8:01  Pylon  
  58  8:07  Carrier (Chrono Boost)  
  64  8:29  Nexus  
  64  8:33  Pylon  
  64  8:36  Pylon  
  64  8:39  Pylon  
  64  8:46  Carrier  
  70  9:22  Carrier x2  
  76  9:26  Mothership (Chrono Boost)  
  84  9:41  Stargate  
  84  9:46  Pylon, Probe (Chrono Boost)  
  85  9:58  Probe  
  84  10:11  Probe  
  84  10:23  Carrier  
  84  10:25  Probe (Chrono Boost)  
  84  10:27  Carrier  
  98  10:39  Probe (Chrono Boost)  
  98  10:41  Assimilator  
  98  10:46  Photon Cannon  
  98  10:47  Photon Cannon, Probe  
  99  10:55  Photon Cannon  
  99  10:58  Assimilator  
  99  10:59  Probe  
Show
View Real Time Build Order
Export as new Build Order

CheGevara Zerg - Winner!

Build Orders: Hatch First, Zergling Baneling 

Get SALT Encoding   

  12  0:03  Drone  
  13  0:15  Overlord  
  13  0:17  Drone  
  14  0:34  Drone  
  14  0:35  Drone  
  16  0:45  Drone  
  17  0:57  Drone  
  17  1:00  Hatchery, Drone  
  17  1:03  Extractor  
  17  1:15  Spawning Pool  
  17  1:18  Drone  
  17  1:21  Drone  
  18  1:37  Drone  
  19  1:42  Drone  
  20  1:53  Overlord  
  21  2:08  Drone  
  21  2:09  Metabolic Boost  
  21  2:11  Queen  
  21  2:12  Queen  
  21  2:13  Zergling x2  
  21  2:15  Zergling x2  
  27  2:28  Baneling Nest  
  27  2:29  Zergling x4  
  28  2:34  Drone  
  28  2:35  Drone  
  30  2:45  Zergling x2  
  31  2:57  Hatchery  
  30  2:59  Drone x2  
  30  3:01  Drone  
  33  3:12  Drone x2  
  34  3:32  Zergling x4  
  34  3:33  Zergling x2  
  36  3:43  Zergling x2  
  36  3:44  Overlord  
  36  3:45  Overlord x3  
  35  3:59  Drone  
  35  4:01  Overlord x2  
  36  4:04  Lair  
  36  4:08  Extractor, Evolution Chamber, Drone x2  
  36  4:10  Evolution Chamber  
  34  4:24  Baneling x4  
  34  4:25  Baneling x4  
  34  4:27  Zergling x6  
  34  4:30  Drone x2  
  39  4:33  Drone  
  40  4:40  Drone  
  40  4:41  Drone x2  
  40  4:43  Drone  
  40  4:45  Drone  
  45  4:53  Drone  
  45  4:54  Drone x3  
  42  5:23  Zergling x10  
  42  5:24  Zergling x12  
  42  5:26  Centrifugal Hooks  
  53  5:29  Zerg Melee Weapons Level 1  
  53  5:30  Drone  
  53  5:31  Drone x2  
  53  5:33  Extractor  
  53  5:34  Extractor  
  54  5:38  Drone, Spine Crawler x2  
  53  5:52  Zerg Ground Armor Level 1  
  53  5:53  Zergling x10  
  53  5:54  Zergling x2  
  59  5:57  Drone  
  60  6:08  Drone x2  
  60  6:09  Drone  
  60  6:10  Drone x3  
  66  6:15  Zergling x6  
  66  6:17  Baneling x3  
  66  6:18  Baneling x2  
  69  6:19  Drone x2  
  71  6:28  Drone  
  71  6:31  Drone x3, Extractor  
  74  6:33  Extractor  
  74  6:34  Queen  
  74  6:36  Queen  
  77  6:54  Spore Crawler  
  77  6:55  Infestation Pit  
  77  6:56  Spore Crawler, Drone x2  
  77  6:58  Overseer  
  77  7:00  Drone x4  
  77  7:01  Drone x3  
  83  7:04  Drone  
  83  7:05  Drone  
  87  7:08  Drone x3  
  88  7:23  Drone x2  
  88  7:24  Overlord  
  88  7:25  Overlord x3  
  90  7:39  Hatchery  
  89  7:45  Zergling x2  
  89  7:46  Zergling x8  
  91  8:00  Zergling x2  
  91  8:01  Zergling x10  
  91  8:02  Zergling x8  
  91  8:04  Hive  
  101  8:06  Zerg Melee Weapons Level 2, Zerg Ground Armor Level 2  
  101  8:21  Drone x2  
  103  8:38  Hatchery  
  102  8:48  Zergling x12  
  106  8:49  Zergling x10  
  106  8:53  Drone x3  
  106  8:54  Drone  
  109  9:24  Drone x3  
  109  9:25  Spore Crawler, Drone x6  
  109  9:26  Drone  
  118  9:33  Spore Crawler x2  
  118  9:36  Adrenal Glands  
  116  9:38  Ultralisk Cavern  
  116  9:41  Baneling x6  
  107  10:00  Spore Crawler  
  106  10:09  Zergling x2  
  94  10:29  Ultralisk  
  94  10:30  Ultralisk x5  
  94  10:32  Drone x3  
  94  10:35  Extractor  
  132  10:37  Extractor, Spine Crawler, Overlord x5  
  132  10:38  Spine Crawler, Overlord x3  
  129  10:43  Drone x3  
  129  10:44  Drone  
  133  10:59  Drone x3  
  133  11:00  Drone x3  
  139  11:04  Drone x2  
  139  11:05  Drone  
  139  11:06  Drone x3  
  139  11:07  Drone  
  148  11:22  Zergling x2  
Tags
 
Add a new tag
Caveats
  • Supply blocks, unpowered buildings, or Contaminate may cause inaccurate times.
  • Supply counts are checked every 10 seconds.